 Dungeon Crawl Stone Soup version 0.30-a0-778-g2ef04afb54 (webtiles) character file.

Game seed: 6483700289044630962

641 sircluck the Cudgeller (level 7, 0/62 HPs)
             Began as a Hill Orc Berserker on Feb 15, 2023.
             Was a Priest of Trog.
             Slain by an orc
             ... wielding a +0 club
              (4 damage)
             ... on level 5 of the Dungeon.
             The game lasted 00:04:27 (3326 turns).

sircluck the Cudgeller (Hill Orc Berserker)         Turns: 3326, Time: 00:04:28

Health: 0/62       AC:  9    Str: 22    XL:     7   Next: 51%
Magic:  7/7        EV: 11    Int:  7    God:    Trog [***...]
Gold:   227        SH:  0    Dex: 14    Spells: 6/6 levels left

rFire   . . .      SeeInvis .    t - +9 sling "Newtbane" {freeze, rPois rN+ Dex+4}
rCold   . . .      Faith    .    (no shield)
rNeg    + . .      Spirit   .    n - +2 scale mail {rPois}
rPois   +          Reflect  .    (no helmet)
rElec   .          Harm     .    (no cloak)
rCorr   .          Rampage  .    (no gloves)
Will    .....                    (no boots) Stlth
                                 (no amulet)
HPRegen 0.30/turn                (no ring)
MPRegen 0.10/turn                (no ring)

@: no status effects
A: no striking features
a: Renounce Religion, Berserk, Trog's Hand


You were on level 5 of the Dungeon.
You worshipped Trog.
Trog was most pleased with you.
You visited 1 branch of the dungeon, and saw 5 of its levels.

You collected 263 gold pieces.
You spent 36 gold pieces at shops.

Inventory:

Hand Weapons
 a - a +0 mace
 t - the +9 sling "Newtbane" (weapon) {freeze, rPois rN+ Dex+4}
   (You found it on level 4 of the Dungeon)

   Dex:       It affects your dexterity (+4).
   rPois:     It protects you from poison.
   rN:        It protects you from negative energy.
 u - a +0 hand axe
Missiles
 d - 20 stones
 h - 6 poisoned darts
Armour
 b - a +0 animal skin
 n - a +2 scale mail of poison resistance (worn)
Wands
 r - a wand of flame (33)
Scrolls
 c - a scroll of blinking {unknown}
 e - a scroll of fear {unknown}
 i - 2 scrolls of enchant weapon {unknown}
 j - 2 scrolls of torment {unknown}
 p - a scroll of identify {unknown}
 q - a scroll of teleportation {unknown}
 v - a scroll of immolation {unknown}
Potions
 f - 3 potions of might
 g - 2 potions of mutation {unknown}
 k - a potion of resistance {unknown}
 l - 2 potions of degeneration {unknown}
 m - a potion of attraction {unknown}
 o - 2 potions of heal wounds {unknown}
 s - a potion of magic {unknown}


   Skills:
 + Level 5.6 Fighting
 + Level 5.8 Maces & Flails
 + Level 3.0 Ranged Weapons
 + Level 3.7 Armour
 + Level 2.6 Dodging
 + Level 0.6 Stealth


You had 6 spell levels left.
You didn't know any spells.
Your spell library was empty.

Dungeon Overview and Level Annotations

Branches:
Dungeon (5/15)             Temple (0/1) D:5

Altars:
Cheibriados
Kikubaaqudgha
Xom
Yredelemnul

Shops:
D:2 :   D:4 (


Message History

The scorpion closely misses you. The orc barely misses you.
The orc hits you but does no damage.
Fire: t) +9 sling "Newtbane" {freeze, rPois rN+ Dex+4}
Press: ? - help, Q - select action, (/) - cycle Shift-Dir - straight line, f/p - scorpion
Aim: a scorpion (heavily wounded, 69% to hit)
You shoot a sling bullet. The sling bullet hits the scorpion!
The sling bullet freezes the scorpion.
You kill the scorpion!
Trog accepts your kill. The orc hits you with a +0 club.
* * * LOW HITPOINT WARNING * * *
The orc hits you but does no damage. The orc barely misses you.
The orc hits you with a +0 hand axe.
* * * LOW HITPOINT WARNING * * *
The orc hits you with a +0 club.
* * * LOW HITPOINT WARNING * * *
The orc hits you with a +0 short sword.
* * * LOW HITPOINT WARNING * * *
The orc hits you but does no damage.
Your Ranged Weapons skill increases to level 3!
Fire: t) +9 sling "Newtbane" {freeze, rPois rN+ Dex+4}
Press: ? - help, Q - select action, (/) - cycle Shift-Dir - straight line, f - orc
Aim: an orc, wielding a +0 whip and wearing a +0 leather armour (69% to hit)
You shoot a sling bullet. The sling bullet hits the orc!
The sling bullet freezes the orc.
You kill the orc!
Trog accepts your kill. The orc hits you with a +0 short sword.
* * * LOW HITPOINT WARNING * * *
The orc hits you with a +0 hand axe.
* * * LOW HITPOINT WARNING * * *
The orc hits you but does no damage.
Fire: t) +9 sling "Newtbane" {freeze, rPois rN+ Dex+4}
Press: ? - help, Q - select action, (/) - cycle Shift-Dir - straight line, f - orc
Aim: an orc, wielding a +0 flail and wearing a +0 ring mail (72% to hit)
You shoot a sling bullet. The sling bullet hits the orc.
The sling bullet freezes the orc.
The orc is heavily wounded.
The orc hits you with a +0 club.
You die...

# .. #. .. #
.##. .# ...
..# .o ###
...#
##.##.##....#
#..#o........
#.o@>..#
.......!oo..##
.....)####..#
.....# #..#
..... #..#
.... .... ...
.... ##. ....


You could see 4 orcs.

Vanquished Creatures
  Grinder (D:5)
  A scorpion (D:5)
  A necrophage (D:3)
  A jelly (D:4)
  An iron imp (D:3)
  An iguana (D:4)
  A scorpion zombie (D:3)
  Natasha (thrice) (D:2)
  4 gnolls (D:4)
  3 adders
  An adder zombie (D:3)
  3 worms (D:3)
  3 dart slugs
  5 orcs
  4 bats (D:1)
  7 endoplasms
  4 giant cockroaches
  3 hobgoblins
  2 jackals (D:1)
  4 quokkas
  5 ball pythons
  3 frilled lizards
  4 goblins
  4 kobolds
  4 rats
73 creatures vanquished.

Notes
Turn   | Place    | Note
-------+----------+-------------------------------------------
     0 | D:1      | sircluck the Hill Orc Berserker began the quest for the
                  | Orb.
     0 | D:1      | Reached XP level 1. HP: 19/19 MP: 1/1
    25 | D:1      | Reached XP level 2. HP: 17/27 MP: 2/2
   283 | D:1      | Found a faded altar of an unknown god.
   442 | D:1      | Reached XP level 3. HP: 33/33 MP: 3/3
   591 | D:2      | Noticed Natasha
   602 | D:2      | Killed Natasha
   803 | D:2      | Noticed Natasha
   816 | D:2      | Killed Natasha
   817 | D:2      | Reached XP level 4. HP: 7/41 MP: 4/4
   843 | D:2      | Noticed Natasha
   982 | D:2      | Killed Natasha
  1025 | D:2      | Found Woibbiup's Book Emporium.
  1206 | D:2      | Reached ** piety under Trog
  1519 | D:2      | You fall into a shaft and drop 1 floor!
  1716 | D:3      | Noticed a necrophage
  1738 | D:3      | Killed a necrophage
  1739 | D:3      | Reached skill level 5 in Fighting
  1739 | D:3      | Reached XP level 5. HP: 19/48 MP: 5/5
  1888 | D:3      | Reached skill level 5 in Maces & Flails
  1989 | D:3      | Found a basalt altar of Yredelemnul.
  2061 | D:3      | Found a snail-covered altar of Cheibriados.
  2114 | D:3      | Found a shimmering altar of Xom.
  2139 | D:3      | Reached XP level 6. HP: 46/56 MP: 6/6
  2525 | D:4      | Identified the +9 sling "Newtbane" {freeze, rPois rN+
                  | Dex+4}
  2755 | D:4      | Found an ancient bone altar of Kikubaaqudgha.
  2855 | D:4      | Found Qiniwna's Weapon Shop.
  2870 | D:4      | Bought a +0 hand axe for 36 gold pieces
  3075 | D:4      | Reached skill level 1 in Ranged Weapons
  3304 | D:5      | Entered Level 5 of the Dungeon
  3304 | D:5      | Noticed Grinder
  3304 | D:5      | Found a staircase to the Ecumenical Temple.
  3319 | D:5      | Killed Grinder
  3320 | D:5      | Reached XP level 7. HP: 18/61 MP: 7/7
  3325 | D:5      | Reached *** piety under Trog
  3325 | D:5      | HP: 3/62 [orc/+0 hand axe (1)]
  3326 | D:5      | Slain by an orc

Illustrated notes

Levels and vault maps discovered:
D:1:      dpeg_arrival_stonehenge_8_columns, layout_rooms,
          ebering_ecumenical_altar_box
D:2:      layout_loops_ring, serial_shops,
          nicolae_shop_temple_entry_statues_fountains, nrook_campfire,
          uniq_natasha
D:3:      layout_basic, lemuel_zombie_altar_yredelemnul, old_standard_altar,
          chei_slow_surprise, grunt_ministairs_12, grunt_decor_resistance
D:4:      layout_basic, kiku_gazebo_pond_becter, serial_shops,
          nicolae_shop_crystal, feat_on_display
D:5:      layout_cave_pools, mainiacjoe_overflow_six_doors_small,
          nemelex_dance_club_becter, minmay_temple_entry_wispy,
          serial_gnoll_camp, gnoll_camp_mini_hut, gnoll_camp_mini_doghouse,
          gnoll_camp_huts_basic, gnoll_camp_mini_basic, lightli_corner_chamber,
          uniq_grinder, uniq_duvessa

Skill      XL: |  1  2  3  4  5  6  7 |
---------------+----------------------+-----
Fighting       | 4 5 |  5.6
Maces & Flails | 4 5 |  5.8
Dodging        | 2 |  2.6
Armour         | 3 |  3.7
Ranged Weapons | 2 3 |  3.0
Stealth        | |  0.6

Action                     |  1- 3 |  4- 6 |  7- 9 || total
---------------------------+-------+-------+-------++-------
  Melee: Mace              |    83 |   126 |       ||   209
         Punch             |       |     3 |       ||     3
   Fire: Sling             |       |    48 |     6 ||    54
   Stab: Sleeping          |     1 |       |       ||     1
 Armour: Animal skin       |    20 |       |       ||    20
         Scale mail        |       |    81 |    10 ||    91
  Dodge: Dodged            |    52 |    93 |     5 ||   150

Table legend: (Time is in decaauts)
 A = Elapsed time spent in this place.
 B = Non-inter-level travel time spent in this place.
 C = Inter-level travel time spent in this place.
 D = Time resting spent in this place.
 E = Time spent auto-exploring this place.
 F = Levels seen in this place.
 G = Mean time per level.
                   A        B        C        D        E       F      G
               +--------+--------+--------+--------+--------+-----+--------+
         Total |   3409 |   3292 |    117 |    202 |   2504 |   5 |  681.8 |
       Dungeon |   3409 |   3292 |    117 |    202 |   2504 |   5 |  681.8 |
               +--------+--------+--------+--------+--------+-----+--------+

Top non-repeatable levels by time:
     D:2: 955 daAuts
     D:3: 943 daAuts
     D:4: 876 daAuts
     D:1: 603 daAuts
     D:5: 30 daAuts
